Map: [ESL] Alcyone

Players

MCanning

  • Race: Protoss Protoss
  • Spawn Location: 7:00

Scarlett - Winner!

  • Race: Zerg Zerg
  • Spawn Location: 1:00

Event: ESL SC2 Masters 2024 Spring (Regional)

VOD

Have the link to the VOD?

Description

Time

  • Played on: April 13, 2024, 2:29 p.m.
  • Length: 6:54

All games in this series

Show
View Real Time Build Order
Export as new Build Order

MCanning Protoss 

Build Orders: 1 Gate Expand, Oracle Opening 

Get SALT Encoding   

  12  0:00  Probe  
  13  0:12  Probe  
  14  0:21  Pylon  
  14  0:24  Probe  
  15  0:39  Probe (Chrono Boost), Gateway  
  16  0:49  Assimilator  
  17  0:50  Probe (Chrono Boost)  
  17  0:54  Probe (Chrono Boost)  
  18  1:05  Probe  
  19  1:18  Probe  
  20  1:26  Nexus  
  20  1:36  Cybernetics Core  
  20  1:37  Probe  
  21  1:44  Assimilator  
  21  1:49  Probe (Chrono Boost)  
  22  1:55  Pylon  
  23  2:01  Probe (Chrono Boost)  
  23  2:11  Adept (Chrono Boost)  
  23  2:12  Probe (Chrono Boost)  
  26  2:22  Stargate  
  26  2:23  Probe  
  27  2:34  Stalker  
  27  2:36  Probe (Chrono Boost)  
  30  2:39  Probe (Chrono Boost)  
  30  2:41  Warp Gate  
  31  2:51  Probe (Chrono Boost)  
  33  2:52  Probe (Chrono Boost)  
  33  2:55  Probe (Chrono Boost)  
  34  2:59  Probe  
  36  3:05  Probe  
  36  3:08  Gateway  
  40  3:14  Probe  
  40  3:15  Void Ray (Chrono Boost)  
  40  3:17  Probe  
  42  3:25  Pylon  
  42  3:26  Probe  
  43  3:30  Probe  
  44  3:38  Probe  
  45  3:42  Oracle (Chrono Boost), Probe  
  45  3:45  Pylon  
  49  3:50  Probe  
  49  3:54  Probe  
  52  4:02  Probe  
  52  4:06  Probe  
  52  4:09  Oracle (Chrono Boost)  
  53  4:10  Nexus  
  53  4:13  Pylon  
  53  4:15  Probe  
  57  4:20  Assimilator  
  57  4:21  Probe  
  58  4:24  Pylon  
  58  4:27  Probe  
  58  4:31  Forge  
  59  4:32  Twilight Council  
  59  4:33  Probe  
  60  4:39  Probe  
  60  4:42  Adept x2  
  60  4:45  Probe  
  66  4:52  Probe  
  65  4:57  Probe  
  66  5:00  Gateway  
  66  5:02  Gateway  
  66  5:03  Robotics Facility  
  66  5:04  Probe  
  67  5:09  Probe  
  68  5:16  Stalker x2, Probe  
  73  5:21  Probe  
  74  5:28  Photon Cannon  
  74  5:30  Photon Cannon  
  74  5:32  Shield Battery  
  74  5:33  Shield Battery  
  74  5:35  Pylon  
  74  5:39  Stalker x2  
  74  5:40  Probe  
  79  5:43  Photon Cannon  
  75  5:56  Immortal (Chrono Boost)  
  72  5:58  Dark Shrine  
  72  6:00  Shield Battery  
  72  6:03  Stalker x2  
  80  6:06  Photon Cannon  
  79  6:16  Pylon  
  79  6:17  Pylon  
  79  6:19  Pylon  
  79  6:20  Pylon  
  79  6:21  Pylon  
  79  6:25  Assimilator  
  83  6:41  Shield Battery  
  83  6:42  Zealot x2  
Show
View Real Time Build Order
Export as new Build Order

Scarlett Zerg - Winner!

Build Orders: Hatch First 

Get SALT Encoding   

  12  0:00  Drone  
  13  0:12  Overlord  
  13  0:17  Drone  
  14  0:30  Drone x2  
  17  0:35  Drone  
  17  0:53  Hatchery  
  17  0:54  Drone  
  17  0:57  Drone  
  18  1:08  Extractor  
  17  1:12  Spawning Pool  
  17  1:15  Drone  
  17  1:18  Drone  
  18  1:27  Drone  
  19  1:38  Drone  
  20  1:49  Overlord  
  20  2:01  Queen  
  20  2:05  Zergling x2, Queen  
  20  2:06  Zergling x2  
  26  2:12  Metabolic Boost  
  26  2:15  Drone  
  27  2:18  Zergling x2  
  27  2:22  Drone  
  29  2:27  Drone  
  30  2:33  Drone  
  30  2:37  Drone  
  32  2:41  Queen  
  34  2:48  Hatchery  
  34  2:50  Overlord  
  33  2:56  Drone x2  
  35  3:02  Drone  
  36  3:08  Queen  
  36  3:11  Drone x2  
  40  3:13  Drone x4  
  40  3:17  Overlord  
  44  3:21  Overlord  
  44  3:31  Overlord  
  44  3:35  Queen  
  44  3:40  Drone x4  
  50  3:43  Drone x4  
  54  3:49  Extractor  
  54  3:51  Roach Warren  
  54  3:54  Overlord  
  52  3:57  Drone x3  
  52  4:01  Queen  
  57  4:03  Queen  
  57  4:07  Zergling x4  
  57  4:08  Zergling x2  
  62  4:15  Zergling x10  
  67  4:19  Spore Crawler  
  66  4:28  Overlord  
  66  4:31  Extractor  
  65  4:34  Drone x3  
  68  4:39  Queen  
  68  4:42  Roach  
  68  4:43  Roach  
  72  4:46  Roach  
  72  4:49  Drone x3  
  72  4:51  Overlord, Spore Crawler  
  72  4:52  Roach x4  
  82  4:54  Spore Crawler  
  81  5:03  Overlord x2  
  81  5:04  Overlord  
  81  5:08  Ravager  
  90  5:14  Roach x4  
  90  5:18  Overlord x3  
  90  5:24  Ravager x2  
  90  5:26  Zergling x12  
  98  5:28  Ravager  
  98  5:31  Zergling x6  
  102  5:35  Ravager  
  102  5:37  Zergling x8  
  102  5:40  Zergling x2  
  104  5:50  Zergling x10  
  104  5:55  Zergling x16  
  117  6:06  Ravager x2  
  117  6:07  Drone x3  
  121  6:13  Drone  
  121  6:18  Drone  
  123  6:19  Evolution Chamber  
  123  6:22  Ravager, Hatchery  
  123  6:24  Ravager  
  123  6:31  Drone x9  
  132  6:34  Ravager  
  132  6:36  Drone x2  
Tags
 
Add a new tag
Caveats
  • Supply blocks, unpowered buildings, or Contaminate may cause inaccurate times.
  • Supply counts are checked every 10 seconds.